 Dungeon Crawl Stone Soup version 0.18-a0-1805-g8ab820f (webtiles) character file.

1043 Mefis the Magician (level 8, -3/41 HPs)
             Began as a Deep Elf Wizard on Apr 26, 2016.
             Was an Initiate of Sif Muna.
             Shot with a sling bullet by Joseph (10 damage)
             ... on level 7 of the Dungeon.
             The game lasted 00:34:26 (9505 turns).

Mefis the Magician (Deep Elf Wizard)                Turns: 9505, Time: 00:34:27

Health: -3/41      AC:  4    Str:  4    XL:     8   Next: 4%
Magic:  4/20       EV: 14    Int: 26    God:    Sif Muna [......]
Gold:   329        SH:  0    Dex: 13    Spells: 7 memorised, 6 levels left

rFire  . . .     SeeInvis .     j - +1 dagger (speed)
rCold  . . .     Gourm    .     a - +0 robe
rNeg   . . .     Faith    .     (no shield)
rPois  .         Spirit   .     b - +0 hat
rElec  .         Dismiss  .     I - +0 cloak
rCorr  .         Reflect  .     (no gloves)
SustAt .         Harm     .     k - +0 pair of boots
MR     .....                    (no amulet)
Stlth  +++.......               (no ring)
                                (no ring)

@: not resistant to hostile enchantments, fairly stealthy
A: no striking features
a: Renounce Religion


You were on level 7 of the Dungeon.
You worshipped Sif Muna.
Sif Muna was noncommittal.
You were near starving.

You visited 2 branches of the dungeon, and saw 9 of its levels.
You also visited: Sewer.

You collected 329 gold pieces.

Inventory:

Hand Weapons
 j - a +1 dagger of speed (weapon)
 r - a +0 hunting sling
 y - a +0 blowgun
 H - a +4 quarterstaff of chaos
Missiles
 w - 104 stones (quivered)
 z - 24 poisoned needles
 E - 9 tomahawks
Armour
 a - a +0 robe (worn)
 b - a +0 hat (worn)
 k - a +0 pair of boots (worn)
 I - a +0 cloak (worn)
Jewellery
 K - a cursed ring of positive energy {unknown}
 L - an uncursed ring of protection from fire {unknown}
Wands
 G - a wand of random effects (27/48)
 J - a wand of acid (9/15)
Scrolls
 d - 2 scrolls of enchant weapon {unknown}
 g - 2 scrolls of recharging {unknown}
 h - 3 scrolls of identify {unknown}
 i - 2 scrolls of random uselessness {unknown}
 n - a scroll of blinking {unknown}
 q - 3 scrolls of fear {unknown}
 u - 5 scrolls of remove curse {unknown}
 v - 3 scrolls of teleportation {unknown}
 x - a scroll of magic mapping {unknown}
 D - a scroll of amnesia {unknown}
Potions
 e - a potion of lignification {unknown}
 m - 4 potions of might {unknown}
 o - 4 potions of heal wounds {unknown}
 p - a potion of degeneration {unknown}
 s - a potion of magic {unknown}
 t - 2 potions of ambrosia {unknown}
 A - 3 potions of curing {unknown}
 F - a potion of flight {unknown}
 M - a potion of agility {unknown}
Books
 c - a book of Minor Magic

   Spells                             Type                      Level
   a - Magic Dart                     Conjuration                  1
   b - Blink                          Translocation                2
   c - Call Imp                       Summoning                    2
   d - Repel Missiles                 Charms/Air                   2
   e - Slow                           Hexes                        2
   f - Conjure Flame                  Conjuration/Fire             3
   g - Mephitic Cloud                 Conjuration/Poison/Air       3
Comestibles
 f - 2 royal jellies
 l - 6 meat rations
 B - 4 bread rations
 C - 3 beef jerkies


   Skills:
 - Level 0.1 Fighting
 + Level 4.7 Dodging
 + Level 5.0 Stealth
 + Level 7.3 Spellcasting
 + Level 3.9 Conjurations
 + Level 3.5 Summonings
 + Level 3.2 Translocations
 + Level 3.4 Poison Magic


You had 6 spell levels left.
You knew the following spells:

 Your Spells              Type           Power        Failure   Level  Hunger
a - Magic Dart            Conj           ####         1%          1    None
b - Call Imp              Summ           ####....     2%          2    None
c - Blink                 Tloc           N/A          2%          2    None
d - Repel Missiles        Chrm/Air       #.....       12%         2    None
e - Mephitic Cloud        Conj/Pois/Air  ###.....     10%         3    None
f - Conjure Flame         Conj/Fire      ###.....     10%         3    None
g - Slow                  Hex            #.......     12%         2    None


Dungeon Overview and Level Annotations

Branches:
Dungeon (8/15)             Temple (1/1) D:6
   Lair: D:8-11

Altars:
Ashenzari
Cheibriados
Dithmenos
Elyvilon
Fedhas
Gozag
Kikubaaqudgha
Makhleb
Nemelex Xobeh
Okawaru
Ru
Sif Muna
Trog
Vehumet
Xom
Yredelemnul
Zin
The Shining One

Shops:
D:6 %

Annotations:
D:6 varam's ghost, novice DsBe
D:7 Joseph


Message History

You see here a sling bullet.
Read which item? (? for menu, Esc to quit)
Okay, then.
Joseph shoots a sling bullet.
The sling bullet misses you.
The sling bullet misses the jackal.
The sling bullet hits the ogre!
Joseph shoots a sling bullet.
The sling bullet closely misses you.
The sling bullet hits the jackal!
The jackal dies!
Casting: Call Imp
Confirm with . or Enter, or press ? or * to list all spells.
You blink.
There is a stone staircase leading down here.
Casting: Blink
Confirm with . or Enter, or press ? or * to list all spells.
Aiming: Conjure Flame
Press: ? - help, Dir - move target cursor The fire roars!
A howler monkey skeleton comes into view.
Joseph shoots a sling bullet.
The sling bullet hits you!
You die...

#(# #.# .# #@#
.Z #.# .. #.#
.# #.# .# #.#
/#
#@######.####..
#O§....@.....#
######...###.#
#.### #.# #.#
#.# #.. ###


You could see Joseph, an ogre and a howler monkey skeleton (dormant).

Vanquished Creatures
  Grinder (D:6)
  A phantom (D:5)
  An ogre (D:5)
  A giant frog (D:6)
  A howler monkey (D:4)
  A crimson imp (D:5)
  An orc wizard (D:4)
  Crazy Yiuf (D:4)
  2 orc priests (D:6)
  An iguana (D:4)
  A worker ant (D:5)
  A hound skeleton (D:4)
  An adder (D:2)
  2 river rats (D:3)
  An ooze (D:5)
  An adder skeleton (D:4)
  A worm (D:5)
  2 dart slugs
  A giant gecko (D:4)
  8 orcs
  4 giant cockroaches
  A gnoll zombie (D:6)
  8 goblins
  12 hobgoblins
  8 jackals
  3 quokkas
  3 ball pythons (Sewer)
  A ball python skeleton (D:6)
  5 bats
  3 giant gecko skeletons
  A giant gecko zombie (D:5)
  8 giant newts
  A jackal skeleton (D:5)
  19 kobolds
  10 rats
117 creatures vanquished.

Vanquished Creatures (collateral kills)
  Sigmund (D:4)
  A sky beast (D:6)
  An ogre (D:6)
  The ghost of no0bjke the Skirmisher, an amateur GrBe of Trog (D:3)
  A scorpion (D:5)
  An orc wizard (D:4)
  A howler monkey skeleton (D:5)
  3 adders
  A worm (D:4)
  2 orcs (D:4)
  A giant cockroach (D:3)
  A gnoll zombie (D:6)
  A hobgoblin (D:3)
  5 jackals
  4 ball pythons
  A rat (D:3)
26 creatures vanquished.

Vanquished Creatures (others)
  A jackal (D:7)
1 creature vanquished.

Grand Total: 144 creatures vanquished

Notes
Turn   | Place    | Note
--------------------------------------------------------------
     0 | D:1      | Mefis the Deep Elf Wizard began the quest for the Orb.
     0 | D:1      | Reached XP level 1. HP: 10/10 MP: 7/7
   289 | D:1      | Reached skill level 5 in Spellcasting
   359 | D:1      | Reached XP level 2. HP: 15/15 MP: 6/10
   365 | D:1      | Learned a level 2 spell: Call Imp
   368 | D:1      | Learned a level 2 spell: Blink
   371 | D:1      | Learned a level 2 spell: Repel Missiles
  1093 | D:1      | Reached XP level 3. HP: 19/19 MP: 8/12
  1098 | D:1      | Learned a level 3 spell: Mephitic Cloud
  1102 | D:1      | Learned a level 3 spell: Conjure Flame
  1524 | D:2      | Found a shimmering altar of Xom.
  1524 | D:2      | Found a shimmering altar of Xom.
  1525 | D:2      | Found a shimmering altar of Xom.
  1569 | D:2      | Found a shimmering altar of Xom.
  1569 | D:2      | Found a shimmering altar of Xom.
  1780 | D:2      | Reached skill level 6 in Spellcasting
  1822 | D:2      | Found an iron altar of Okawaru.
  2005 | D:2      | Found a shattered altar of Ashenzari.
  2064 | D:2      | Found a sparkling altar of Nemelex Xobeh.
  2065 | D:2      | Found an opulent altar of Gozag.
  2432 | D:3      | Noticed no0bjke's ghost (amateur GrBe)
  2533 | D:3      | Reached XP level 4. HP: 17/24 MP: 4/14
  2727 | D:3      | Found a glowing drain.
  3003 | Sewer    | Entered a sewer
  4340 | D:3      | Killed no0bjke's ghost
  4340 | D:3      | Reached XP level 5. HP: 18/28 MP: 6/15
  4344 | D:3      | Learned a level 2 spell: Slow
  5169 | D:4      | Reached skill level 1 in Poison Magic
  5842 | D:4      | Reached XP level 6. HP: 31/32 MP: 7/17
  6229 | D:4      | Noticed Crazy Yiuf
  6249 | D:4      | Killed Crazy Yiuf
  6413 | D:4      | Noticed Sigmund
  6431 | D:4      | Killed Sigmund
  6554 | D:5      | Entered Level 5 of the Dungeon
  7054 | D:5      | Reached XP level 7. HP: 21/36 MP: 4/19
  8011 | D:6      | Found a staircase to the Ecumenical Temple.
  8018 | Temple   | Entered the Ecumenical Temple
  8029 | Temple   | Became a worshipper of Sif Muna the Loreminder
  8208 | D:6      | Reached skill level 7 in Spellcasting
  8376 | D:6      | Found a basalt altar of Yredelemnul.
  8414 | D:6      | Noticed Grinder
  8450 | D:6      | Paralysed by Grinder for 6 turns
  8459 | D:6      | Killed Grinder
  9027 | D:6      | Reached skill level 5 in Stealth
  9050 | D:6      | Found Konetun's Food Shoppe.
  9108 | D:6      | Reached XP level 8. HP: 41/41 MP: 10/20
  9216 | D:6      | Noticed varam's ghost (novice DsBe)
  9489 | D:7      | Noticed Joseph
  9505 | D:7      | Shot with a sling bullet by Joseph

Vault maps used:
D:1:      dpeg_arrival_circle_labyrinth_a, hangedman_abyss_or_decor_stabs
D:2:      grunt_temple_overflow_opulence, xom_redecorated,
          ashenzari_conservatory_becter, kennysheep_okawaru_gauntlet
D:3:      portal_sewer_entry_e, st_stairs_8
D:4:      minmay_opposing_rooms, corexii_corridor_pit, minmay_misc_feat_alley,
          uniq_sigmund, uniq_crazy_yiuf_cottage
D:5:      first_bread, grunt_ministairs_3
D:6:      lemuel_zombie_altar_yredelemnul, minmay_temple_entry_purple_smoke,
          serial_shops, shop, uniq_grinder
D:7:      nicolae_overflow_hidden_temple, grunt_livestock, uniq_joseph
D:8:      grunt_pakellas_mercury, lemuel_crystal_altar
Temple:   nicolae_temple_no_exploring_needed
Sewer:    sewer_co_scattered_pipes

Skill      XL: |  1  2  3  4  5  6  7 |
---------------+----------------------+-----
Spellcasting   | 5 6 7 |  7.3
Stealth        | 3 4 5 |  5.0
Dodging        | 3 4 |  4.7
Conjurations   | 2 3 |  3.9
Poison Magic   | 1 2 3 |  3.4
Summonings     | 2 3 |  3.5
Translocations | 2 3 |  3.2
Fighting       | |  0.1

Action                   |  1- 3 |  4- 6 |  7- 9 || total
-------------------------+-------+-------+-------++-------
Melee: Unarmed           |     4 |       |       ||     4
       Dagger            |       |    15 |     2 ||    17
 Fire: Hunting sling     |       |    12 |    12 ||    24
Throw: Stone             |       |       |    52 ||    52
 Cast: Magic Dart        |   141 |   139 |    63 ||   343
       Repel Missiles    |     1 |       |       ||     1
       Call Imp          |       |    41 |    24 ||    65
       Mephitic Cloud    |       |     5 |    10 ||    15
       Blink             |       |     1 |     2 ||     3
       Conjure Flame     |       |     1 |    10 ||    11
 Stab: Sleeping          |       |       |     1 ||     1
  Eat: Chunk             |     3 |     4 |       ||     7
       Bread ration      |     1 |     2 |     1 ||     4
Armor: Robe              |     5 |    13 |     7 ||    25
Dodge: Dodged            |    36 |    37 |    43 ||   116
       Deflected         |     6 |     1 |       ||     7
